[Event "FIDE World Cup G12-B 2024"]
[Site "Batumi"]
[Date "2024.06.23"]
[Round "1.1"]
[White "QUICKPEN, Deborah Ebimobo-ere"]
[Black "Pavithra R V"]
[Result "0-1"]
[ECO "D37"]
[WhiteElo "2048"]
[BlackElo "1614"]
[Annotator "NA RC"]
[PlyCount "54"]
[EventDate "2024.06.23"]
[EventType "swiss"]
[EventCountry "GEO"]
[SourceTitle "playchess.com"]
[Source "ChessBase"]
[SourceQuality "1"]
[TimeControl "5400+30"]

1. d4 d5 2. c4 e6 3. Nf3 Nf6 4. Nc3 Be7 5. Bf4 O-O 6. e3 a6 7. cxd5 exd5 8. Bd3 h6 9. O-O Nh5 10. Bg3 Nxg3 11. hxg3 Bf6 12. Qb3 c6 13. Rac1 Nd7 14. Na4 a5 15. Rfd1 Be7 16. Bb1 g6 17. Nc5 Bxc5 18. dxc5 a4 19. Qb4 Qe7 20. a3 Re8 21. Rd4 b6 22. cxb6 c5 23. b7 Bxb7 24. Qxb7 cxd4 25. Rc7 dxe3 26. Rxd7 exf2+ 27. Kh2 Qxd7 0-1

[Event "FIDE World Cup G12-B 2024"]
[Site "Batumi"]
[Date "2024.06.23"]
[Round "1.2"]
[White "Vazquez Sanchez, Antia"]
[Black "Gunawardhana, Devindya Oshini"]
[Result "0-1"]
[ECO "D30"]
[WhiteElo "1607"]
[BlackElo "1980"]
[Annotator "NA RC"]
[PlyCount "70"]
[EventDate "2024.06.23"]
[EventType "swiss"]
[EventCountry "GEO"]
[SourceTitle "playchess.com"]
[Source "ChessBase"]
[SourceQuality "1"]
[TimeControl "5400+30"]

1. d4 Nf6 2. c4 e6 3. Nf3 d5 4. Qc2 Bb4+ 5. Bd2 Bxd2+ 6. Nbxd2 O-O 7. g3 Nc6 8. Rd1 a5 9. a3 Qd6 10. Bg2 b6 11. O-O Bb7 12. Rfe1 Ne7 13. Ne5 c5 14. Ndf3 Rac8 15. Qb3 Ne4 16. dxc5 Qxc5 17. Nd7 Qxf2+ 18. Kh1 dxc4 19. Qa4 Qe3 20. Rf1 Bc6 21. Qc2 Bxd7 22. Rxd7 Nf5 23. Qxe4 Qxe4 24. Ng1 Qe5 25. Rd2 Ne3 26. Rc1 Rfd8 27. Rxd8+ Rxd8 28. Bf3 Qxb2 29. Re1 c3 30. Be4 c2 31. Bxc2 Qxc2 32. Nf3 Rd1 33. Rxd1 Qxd1+ 34. Ng1 Qf1 35. h3 Qg2# 0-1

[Event "FIDE World Cup G12-B 2024"]
[Site "Batumi"]
[Date "2024.06.23"]
[Round "1.3"]
[White "Sreekarthika Velmurugan"]
[Black "Abylaykyzy, Bibisara"]
[Result "0-1"]
[ECO "B22"]
[WhiteElo "1838"]
[BlackElo "1577"]
[Annotator "NA RC"]
[PlyCount "100"]
[EventDate "2024.06.23"]
[EventType "swiss"]
[EventCountry "GEO"]
[SourceTitle "playchess.com"]
[Source "ChessBase"]
[SourceQuality "1"]
[TimeControl "5400+30"]

1. e4 c5 2. Nf3 e6 3. c3 Nf6 4. e5 Nd5 5. Bc4 Nb6 6. Bb3 d5 7. d4 Nc6 8. O-O Be7 9. Be3 cxd4 10. cxd4 Na5 11. Bc2 Nbc4 12. Bc1 Bd7 13. Nc3 Rc8 14. Qd3 a6 15. Ne1 b5 16. a3 Qc7 17. Ne2 b4 18. a4 Qb7 19. Qg3 g6 20. b3 Na3 21. Bd3 Nxb3 22. Bxa3 Nxa1 23. Bb2 Nb3 24. Bxg6 hxg6 25. Qxb3 Qc6 26. a5 Qb5 27. Qe3 Qxa5 28. Nf3 Rc2 29. Bc1 Bb5 30. Bd2 Qa2 31. Rd1 Bxe2 32. Qxe2 b3 33. Qd3 Qa4 34. Rb1 b2 35. Ne1 Rc4 36. Bc3 Qb3 37. Bxb2 Qxd3 38. Nxd3 O-O 39. Kf1 a5 40. Ra1 a4 41. Ke2 Ra8 42. Ke3 a3 43. Nc5 Kg7 44. Bc1 Bxc5 45. dxc5 Rxc5 46. Kd3 a2 47. Be3 Rb5 48. Kc2 Rc8+ 49. Kd2 Rb2+ 50. Kd3 Ra8 0-1

[Event "FIDE World Cup G12-B 2024"]
[Site "Batumi"]
[Date "2024.06.23"]
[Round "1.4"]
[White "Lu, Yichen"]
[Black "Pratitee Bordoloi"]
[Result "0-1"]
[ECO "B11"]
[WhiteElo "1561"]
[BlackElo "1796"]
[Annotator "NA RC"]
[PlyCount "120"]
[EventDate "2024.06.23"]
[EventType "swiss"]
[EventCountry "GEO"]
[SourceTitle "playchess.com"]
[Source "ChessBase"]
[SourceQuality "1"]
[TimeControl "5400+30"]

1. e4 c6 2. Nc3 d5 3. Nf3 Bg4 4. h3 Bxf3 5. Qxf3 e6 6. d4 Nf6 7. Bg5 Be7 8. Bxf6 Bxf6 9. e5 Be7 10. Qg4 O-O 11. Bd3 c5 12. dxc5 Nc6 13. f4 Bxc5 14. O-O-O Qb6 15. Qh5 g6 16. Qh6 Be3+ 17. Kb1 Qb4 18. Ne2 Nxe5 19. c3 Qc5 20. Ng3 f5 21. Be2 Qe7 22. Qg5 Qxg5 23. fxg5 Bxg5 24. h4 Bf4 25. Nf1 Rad8 26. g3 Bh6 27. Nh2 Kf7 28. g4 f4 29. g5 Bg7 30. Rd4 Ke7 31. Rb4 Rd7 32. Rf1 d4 33. Rxd4 Rxd4 34. cxd4 Nc6 35. Bf3 Bxd4 36. Rc1 Be3 37. Rf1 Ne5 38. Bxb7 Nc4 39. Nf3 Rb8 40. Ba6 Rxb2+ 41. Ka1 Rc2 42. Bb5 Nd2 43. Nxd2 Rxd2 44. Bc6 e5 45. Be4 Bd4+ 46. Kb1 Rb2+ 47. Kc1 Rxa2 48. Kd1 a5 49. h5 Ra1+ 50. Ke2 Rxf1 51. Kxf1 gxh5 52. Bxh7 a4 53. Kg2 a3 54. Bg8 e4 55. Bc4 f3+ 56. Kf1 e3 57. Ke1 Bc3+ 58. Kf1 e2+ 59. Bxe2 fxe2+ 60. Kxe2 a2 0-1

[Event "FIDE World Cup G12-B 2024"]
[Site "Batumi"]
[Date "2024.06.23"]
[Round "1.5"]
[White "Bassari, Senem Gul"]
[Black "Shomanova, Adiya"]
[Result "1-0"]
[ECO "C63"]
[WhiteElo "1768"]
[BlackElo "1542"]
[Annotator "NA RC"]
[PlyCount "103"]
[EventDate "2024.06.23"]
[EventType "swiss"]
[EventCountry "GEO"]
[SourceTitle "playchess.com"]
[Source "ChessBase"]
[SourceQuality "1"]
[TimeControl "5400+30"]

1. e4 e5 2. Nf3 Nc6 3. Bb5 f5 4. d3 fxe4 5. dxe4 Nf6 6. O-O d6 7. Qd3 Be7 8. Nc3 O-O 9. Ng5 Qe8 10. Nd5 Nxd5 11. exd5 Qh5 12. dxc6 Bxg5 13. Bxg5 Qxg5 14. Qd5+ Kh8 15. cxb7 Rb8 16. bxc8=Q Rbxc8 17. Rad1 Rf6 18. Rd3 Rcf8 19. Rg3 Qh6 20. Rh3 Qg5 21. Qe4 h6 22. Bd3 Rf5 23. Rf3 g6 24. Rg3 Qf6 25. Qe3 Rg5 26. Rxg5 hxg5 27. Qxa7 c5 28. Qb7 Qe6 29. a4 d5 30. Qa6 Qxa6 31. Bxa6 c4 32. Rd1 Rb8 33. Bb5 d4 34. g3 c3 35. bxc3 dxc3 36. Rd5 e4 37. Rxg5 Kg7 38. Rc5 Rd8 39. Rxc3 Kf6 40. Rc5 g5 41. a5 Ra8 42. a6 Ke6 43. Rxg5 Kd6 44. c4 Kc7 45. Rg7+ Kb6 46. Rb7+ Kc5 47. a7 Kd6 48. Rg7 Kc5 49. h4 Kb6 50. h5 Rh8 51. h6 Kc5 52. h7 1-0

[Event "FIDE World Cup G12-B 2024"]
[Site "Batumi"]
[Date "2024.06.23"]
[Round "1.6"]
[White "Rusitashvili, Tea"]
[Black "Li, Sophie"]
[Result "1-0"]
[ECO "C56"]
[WhiteElo "1535"]
[BlackElo "1764"]
[Annotator "NA RC"]
[PlyCount "85"]
[EventDate "2024.06.23"]
[EventType "swiss"]
[EventCountry "GEO"]
[SourceTitle "playchess.com"]
[Source "ChessBase"]
[SourceQuality "1"]
[TimeControl "5400+30"]

1. e4 e5 2. Nf3 Nc6 3. d4 exd4 4. Bc4 Nf6 5. e5 d5 6. Bb5 Ne4 7. Nxd4 Bd7 8. Bxc6 bxc6 9. O-O Be7 10. f3 Nc5 11. Be3 Ne6 12. Nf5 Bg5 13. Qd2 Bxe3+ 14. Qxe3 O-O 15. Nd2 c5 16. c4 d4 17. Qe4 Ng5 18. Qd3 f6 19. f4 Nf7 20. Rae1 Be6 21. Nb3 Qd7 22. Ng3 Qa4 23. Nd2 fxe5 24. f5 Bd7 25. Nge4 Qc6 26. f6 g6 27. Qg3 Rae8 28. b3 Re6 29. h4 Nd6 30. Nxd6 cxd6 31. Ne4 d5 32. cxd5 Qxd5 33. h5 Be8 34. Qf3 Bf7 35. Qg3 Qc6 36. Qg5 Be8 37. Rf5 Qc7 38. Ref1 Kh8 39. Qh6 Kg8 40. Nxc5 Rc6 41. Rxe5 Rcxf6 42. Rxf6 Bf7 43. Ne6 1-0

[Event "FIDE World Cup G12-B 2024"]
[Site "Batumi"]
[Date "2024.06.23"]
[Round "1.7"]
[White "Xu, Luna Yuexiu"]
[Black "Bechvaia, Anastasia"]
[Result "1-0"]
[ECO "C41"]
[WhiteElo "1761"]
[BlackElo "1549"]
[Annotator "NA RC"]
[PlyCount "55"]
[EventDate "2024.06.23"]
[EventType "swiss"]
[EventCountry "GEO"]
[SourceTitle "playchess.com"]
[Source "ChessBase"]
[SourceQuality "1"]
[TimeControl "5400+30"]

1. e4 d6 2. d4 Nf6 3. Nc3 Nbd7 4. Bd3 e5 5. Nf3 Be7 6. O-O O-O 7. Re1 c6 8. a4 a5 9. h3 Qb6 10. Be3 Qxb2 11. Rb1 Qxc3 12. Rb3 Qxb3 13. cxb3 exd4 14. Bxd4 c5 15. Bc3 b6 16. e5 Nd5 17. Bxh7+ Kxh7 18. Qxd5 Rb8 19. exd6 Bf6 20. Qh5+ Kg8 21. Ng5 Bxg5 22. Qxg5 f6 23. Qd5+ Kh8 24. Re4 g5 25. Re7 Ne5 26. Bxe5 Bb7 27. Qd3 fxe5 28. Qh7# 1-0

[Event "FIDE World Cup G12-B 2024"]
[Site "Batumi"]
[Date "2024.06.23"]
[Round "1.8"]
[White "Amin-Erdene, Tsengel"]
[Black "Bakhshizada, Asnad"]
[Result "1/2-1/2"]
[ECO "E07"]
[WhiteElo "1491"]
[BlackElo "1748"]
[Annotator "NA RC"]
[PlyCount "85"]
[EventDate "2024.06.23"]
[EventType "swiss"]
[EventCountry "GEO"]
[SourceTitle "playchess.com"]
[Source "ChessBase"]
[SourceQuality "1"]
[TimeControl "5400+30"]

1. d4 d5 2. c4 c6 3. g3 Nf6 4. Nc3 e6 5. Bg2 Be7 6. Nf3 O-O 7. O-O Nbd7 8. Nd2 b6 9. e4 dxe4 10. Ndxe4 Bb7 11. Bf4 Nxe4 12. Nxe4 Nf6 13. Qc2 h6 14. Rfd1 Qc8 15. Nxf6+ Bxf6 16. Bd6 Re8 17. c5 e5 18. dxe5 Bxe5 19. Re1 Bf6 20. Be4 bxc5 21. Bxc5 Qc7 22. Rad1 Rad8 23. Rxd8 Rxd8 24. Qa4 a6 25. Qb3 Qd7 26. Bc2 Ba8 27. Rd1 Qc7 28. Rxd8+ Qxd8 29. Bg6 Qe8 30. Bd3 Qe1+ 31. Kg2 Qe5 32. Be3 Qd5+ 33. Qxd5 cxd5 34. Bb6 Bxb2 35. Bxa6 d4+ 36. f3 Bc6 37. Kf2 Ba4 38. Ke2 Bc2 39. Bb5 Bc3 40. Bc5 g6 41. a3 Kg7 42. Bb4 Kf6 43. Bd3 1/2-1/2

[Event "FIDE World Cup G12-B 2024"]
[Site "Batumi"]
[Date "2024.06.23"]
[Round "1.9"]
[White "Tereshchenko, Eliza"]
[Black "Chiokadze, Barbare"]
[Result "1-0"]
[ECO "D00"]
[WhiteElo "1694"]
[BlackElo "1461"]
[Annotator "NA RC"]
[PlyCount "101"]
[EventDate "2024.06.23"]
[EventType "swiss"]
[EventCountry "GEO"]
[SourceTitle "playchess.com"]
[Source "ChessBase"]
[SourceQuality "1"]
[TimeControl "5400+30"]

1. d4 Nf6 2. Bf4 d5 3. e3 Bf5 4. c4 e6 5. Nc3 Be7 6. h3 a6 7. Nf3 h6 8. Bd3 Bxd3 9. Qxd3 Nbd7 10. O-O g5 11. Bg3 Rg8 12. cxd5 exd5 13. Ne5 h5 14. Qf5 h4 15. Bh2 Nxe5 16. dxe5 Nd7 17. Nxd5 c6 18. e6 Nf6 19. Nc7+ Kf8 20. exf7 Kxf7 21. Qe6+ Kf8 22. Nxa8 g4 23. Rad1 Qxa8 24. Bd6 Qd8 25. Qxf6+ Ke8 26. Bxe7 Qxe7 27. Qxe7+ Kxe7 28. hxg4 Rxg4 29. Rd4 Rg5 30. Rxh4 Rb5 31. b3 Kd6 32. Rd1+ Kc7 33. g4 Ra5 34. a4 b5 35. axb5 Rxb5 36. Rd3 a5 37. Rh5 c5 38. g5 a4 39. bxa4 c4 40. axb5 cxd3 41. Kf1 d2 42. Ke2 Kd6 43. Kxd2 Ke6 44. b6 Kf5 45. b7 Kg6 46. Rh8 Kxg5 47. b8=Q Kf6 48. Qd6+ Kf7 49. Rh7+ Kg8 50. Qg6+ Kf8 51. Qf7# 1-0

[Event "FIDE World Cup G12-B 2024"]
[Site "Batumi"]
[Date "2024.06.23"]
[Round "1.10"]
[White "Kvirkvelia, Anastasia"]
[Black "Amanzhol, Khanzada"]
[Result "0-1"]
[ECO "B07"]
[WhiteElo "1440"]
[BlackElo "1685"]
[Annotator "NA RC"]
[PlyCount "112"]
[EventDate "2024.06.23"]
[EventType "swiss"]
[EventCountry "GEO"]
[SourceTitle "playchess.com"]
[Source "ChessBase"]
[SourceQuality "1"]
[TimeControl "5400+30"]

1. e4 d6 2. d4 Nf6 3. Nc3 e5 4. dxe5 dxe5 5. Bd3 Be6 6. Nf3 Bd6 7. Be3 c6 8. O-O O-O 9. Qe2 Bg4 10. Bg5 Nbd7 11. Kh1 Re8 12. Qd1 Bf8 13. Be2 Qc7 14. Nd2 Be6 15. h3 g6 16. Nf3 Bg7 17. Qd2 Rad8 18. Qe3 Qa5 19. Bh6 Bxh6 20. Qxh6 Qb4 21. Rab1 Qf8 22. Qe3 Qc5 23. Qh6 Nb6 24. Qh4 Kg7 25. Qg3 Nc4 26. Ng5 Nd2 27. Nxe6+ Rxe6 28. Rfd1 Ndxe4 29. Nxe4 Nxe4 30. Qh4 Nxf2+ 31. Kh2 Rxd1 32. Bxd1 e4 33. Bg4 Nxg4+ 34. Qxg4 Qxc2 35. Qd1 Qxd1 36. Rxd1 e3 37. g4 Kf6 38. Kg3 e2 39. Re1 Re5 40. Kf2 Kg5 41. Kg3 Re3+ 42. Kf2 Kf4 43. b3 Rxh3 44. Kxe2 Re3+ 45. Kf2 Rxe1 46. Kxe1 Kxg4 47. Kf2 h5 48. Kg2 h4 49. Kh2 f5 50. Kg2 h3+ 51. Kh2 f4 52. a4 f3 53. Kg1 Kg3 54. b4 h2+ 55. Kh1 f2 56. b5 f1=Q# 0-1

[Event "FIDE World Cup G12-B 2024"]
[Site "Batumi"]
[Date "2024.06.23"]
[Round "1.11"]
[White "Gao, Lilianna"]
[Black "Nakashidze, Nino"]
[Result "1-0"]
[ECO "E44"]
[WhiteElo "1646"]
[BlackElo "1618"]
[Annotator "NA RC"]
[PlyCount "127"]
[EventDate "2024.06.23"]
[EventType "swiss"]
[EventCountry "GEO"]
[SourceTitle "playchess.com"]
[Source "ChessBase"]
[SourceQuality "1"]
[TimeControl "5400+30"]

1. d4 Nf6 2. c4 e6 3. Nc3 Bb4 4. e3 O-O 5. Nge2 b6 6. a3 Be7 7. e4 Bb7 8. d5 exd5 9. cxd5 d6 10. Ng3 Bc8 11. Be2 Nbd7 12. f4 Nc5 13. b4 Na6 14. Qa4 Nb8 15. h3 Bd7 16. Qc2 c6 17. Bd3 cxd5 18. e5 dxe5 19. fxe5 Ne8 20. Bxh7+ Kh8 21. Nxd5 g6 22. Bxg6 fxg6 23. Qxg6 Ng7 24. Bh6 Rg8 25. Nf6 Bxf6 26. exf6 Qe8+ 27. Qxe8 Rxe8+ 28. Kf2 Nf5 29. Nxf5 Bxf5 30. f7 Nd7 31. fxe8=Q+ Rxe8 32. Rhe1 Rg8 33. Re7 Nb8 34. Rae1 Nc6 35. Rc7 Nd8 36. Ree7 Bg6 37. Bg7+ Kh7 38. Bf6+ Kh6 39. g4 a6 40. g5+ Kh5 41. Kg3 Nf7 42. Rxf7 Bxf7 43. Rxf7 Kg6 44. Rg7+ Rxg7 45. Bxg7 Kxg7 46. Kg4 Kg6 47. h4 Kg7 48. h5 Kh7 49. Kf5 Kg7 50. Ke6 Kg8 51. Kf6 Kf8 52. g6 Kg8 53. h6 Kh8 54. g7+ Kh7 55. Kf7 Kxh6 56. g8=Q Kh5 57. Qg6+ Kh4 58. Kf6 a5 59. Qg5+ Kh3 60. Kf5 axb4 61. Qg4+ Kh2 62. Kf4 bxa3 63. Kf3 Kh1 64. Qg2# 1-0